 Dungeon Crawl Stone Soup version 0.26-a0-64-g059e62fbdb (webtiles) character file.

Game seed: 12859127286356873845

21558 Ozzies the Fighter (level 12, -1/113 HPs)
             Began as a Deep Dwarf Fighter on June 10, 2020.
             Was a Priest of Makhleb.
             Slain by a komodo dragon (9 damage)
             ... on level 5 of the Lair of Beasts.
             The game lasted 00:45:40 (13238 turns).

Ozzies the Fighter (Deep Dwarf Fighter)            Turns: 13238, Time: 00:45:41

Health: -1/113     AC: 20    Str: 26    XL:     12   Next: 55%
Magic:  0/0        EV: 17    Int: 10    God:    Makhleb [***...]
Gold:   872        SH: 11    Dex: 18    Spells: 11/11 levels left

rFire    + . .     SeeInvis +   n - +2 whip (elec)
rCold    + . .     Gourm    .   z - +0 kite shield of Goczappi {rN+}
rNeg     + + +     Faith    .   H - +0 pearl dragon scales
rPois    .         Spirit   .   y - +2 hat {SInv}
rElec    .         Reflect  .   E - scarf {rC+ rF+}
rCorr    .         Harm     .   Y - +3 pair of gloves of Teodgh {rN+}
MR       ++...                  (no boots)
Stlth    ..........             S - amulet of the acrobat
HPRegen  0.00/turn              h - ring of protection from magic
MPRegen  0.07/turn              k - +6 ring of dexterity

@: non-regenerating, studying 2 skills
A: damage resistance, heal wounds, frail 1, sense surroundings 2, shaggy fur 1,
strong 1, MP-powered wands, no regeneration
a: Heal Wounds, Minor Destruction, Lesser Servant of Makhleb, Renounce Religion


You were on level 5 of the Lair of Beasts.
You worshipped Makhleb.
Makhleb was most pleased with you.
You were not hungry.

You visited 3 branches of the dungeon, and saw 16 of its levels.
You also visited: Sewer and Ossuary.

You collected 872 gold pieces.

Inventory:

Hand Weapons
 n - a +2 whip of electrocution (weapon)
 P - a +0 broad axe
 Q - the +5 spear "Kit Laax" {venom, rElec Dex+4 Stlth+}
   (You took it off a gnoll sergeant on level 6 of the Dungeon)

   It poisons the flesh of those it strikes.
   It affects your dexterity (+4).
   It insulates you from electricity.
   It makes you more stealthy.
Armour
 y - a +2 hat of see invisible (worn)
 z - the +0 kite shield of Goczappi (worn) {rN+}
   (You took it off a gnoll sergeant on level 6 of the Dungeon)

   It protects you from negative energy.
 E - a scarf of resistance (worn)
 H - +0 pearl dragon scales (worn)
 W - the +5 ring mail of the Dungeon {+Inv rC- Regen+ Int+4}
   (You found it on level 4 of the Lair of Beasts)

   It affects your intelligence (+4).
   It makes you vulnerable to cold.
   It lets you turn invisible.
   It increases your rate of regeneration.
 Y - the +3 pair of gloves of Teodgh (worn) {rN+}
   (You found it on level 9 of the Dungeon)

   It protects you from negative energy.
Jewellery
 d - an uncursed ring of protection from cold
 h - a ring of protection from magic (left hand)
 k - a +6 ring of dexterity (right hand)
 m - an uncursed ring of ice
 S - an amulet of the acrobat (around neck)
Wands
 b - a wand of digging (7)
 v - a wand of acid (19)
 D - a wand of paralysis (10)
 G - a wand of disintegration (18)
 I - a wand of polymorph (5)
 K - a wand of flame (25)
 Z - a wand of random effects (23)
Scrolls
 a - a scroll of enchant armour
 g - 6 scrolls of teleportation
 s - 6 scrolls of remove curse
 J - 2 scrolls of fear
 L - 3 scrolls of enchant weapon
 N - a scroll of amnesia
 U - 3 scrolls of blinking
 V - 2 scrolls of identify
Potions
 e - 2 potions of curing
 j - 2 potions of brilliance
 l - a potion of haste
 o - 6 potions of flight
 p - a potion of invisibility
 r - a potion of berserk rage
 u - 4 potions of cancellation
 w - 3 potions of stabbing
 A - a potion of ambrosia
 C - 2 potions of lignification
 O - a potion of resistance
 T - a potion of might
Books
 R - a manual of Short Blades
 X - a manual of Fighting
Comestibles
 f - 12 rations


   Skills:
 * Level 13.4 Fighting
 + Level 9.0 Axes
 - Level 7.0 Armour
 - Level 12.4 Dodging
 + Level 6.4 Shields
 - Level 3.0 Evocations


You had 11 spell levels left.
You didn't know any spells.
Your spell library contained the following spells:

 Spells                   Type           Power        Failure   Level  Hunger
 Corona                   Hex            #......      96%         1    ##.....
 Ensorcelled Hibernation  Hex/Ice        #.....       99%         2    ###....
 Slow                     Hex            #.......     99%         2    ###....
 Confusing Touch          Hex            #.......     100%        3    ####...
 Dazzling Flash           Conj/Hex       #.....       100%        3    ####...
 Inner Flame              Hex/Fire       #.......     100%        3    ####...
 Portal Projectile        Hex/Tloc       #.....       100%        3    ####...
 Tukima's Dance           Hex            #.......     100%        3    ####...
 Cause Fear               Hex            #.........   100%        4    #####..
 Leda's Liquefaction      Hex/Erth       #.........   100%        4    #####..


Dungeon Overview and Level Annotations

Branches:
Dungeon (10/15)            Temple (1/1) D:7            Lair (5/6) D:9
    Orc (0/2) D:10          Sewer (visited)         Ossuary (visited)
  Swamp: Lair:2-4    Shoals: Lair:2-4     Snake: Lair:2-4    Spider: Lair:2-4
  Slime: Lair:5-6

Altars:
Ashenzari
Cheibriados
Dithmenos
Elyvilon
Fedhas
Gozag
Hepliaklqana
Kikubaaqudgha
Makhleb
Nemelex Xobeh
Okawaru
Qazlal
Ru
Sif Muna
Trog
Uskayaw
Vehumet
Wu Jian
Xom
Yredelemnul
Zin
The Shining One


Innate Abilities, Weirdness & Mutations

You are resistant to damage.
You can heal yourself by infusing magical energy.
You passively map the area around you.
You do not regenerate.
You are frail. (-10% HP)
You are covered in fur. (AC +1)
Your muscles are strong. (Str +2)
You expend magic power (3 MP) to strengthen your wands.


Message History

Your Axes skill increases to level 9!
A komodo dragon comes into view.
A komodo dragon is nearby!
A komodo dragon is nearby!
The komodo dragon hisses angrily.
You whack the komodo dragon!
Lightning courses through the komodo dragon!
The komodo dragon is heavily wounded.
The komodo dragon bites you!
* * * LOW HITPOINT WARNING * * *
You barely miss the komodo dragon.
The komodo dragon is heavily wounded.
The komodo dragon misses you.
You hit the komodo dragon.
The komodo dragon is heavily wounded.
You block the komodo dragon's attack.
You barely miss the komodo dragon.
The komodo dragon is heavily wounded.
The komodo dragon bites you!
You die...

............. * ,
................###. ,
..........#........ ,
..#......###......., ,, ,
.###.....##........, * ,, *
.####......#P..... * ,, ..#
*.....##.....## * ..#
.....##...l..# , #.#
.....##....@.### * ,* .###
...............####* ****
.#.###....#..........#.###....##.
..###P.....P...........##........
...##..........#.................
...###.......P##.................
...............####..............
....#...........#.P..............
................†................


You could see a komodo dragon.

Vanquished Creatures
  Harold (D:7)
  A hydra (Lair:3)
  A centaur warrior (D:10)
  2 two-headed ogres (D:9)
  Sonja (Lair:2)
  The ghost of Zanta616 the Chopper, a novice HOFi of Beogh (D:4)
  A deep elf mage (D:10)
  An orb spider (Lair:5)
  Pikel (D:5)
  A manticore (D:10)
  2 ugly things
  3 elephants (Lair:4)
  5 spiny frogs
  An efreet (D:8)
  A komodo dragon (Lair:4)
  The ghost of Lanoc the Chopper, an amateur TrSk of Cheibriados (D:4)
  2 trolls (D:10)
  3 blink frogs (Lair:4)
  A hippogriff (Lair:5)
  The ghost of Hasart the Sneak, an amateur KoAs of Okawaru (D:6)
  A shadow (D:9)
  A wyvern (Lair:4)
  A wraith (D:10)
  6 yaks (D:6)
  7 basilisks
  A hungry ghost (D:10)
  A warg (D:10)
  4 water moccasins
  Duvessa (D:4)
  5 porcupines
  4 orc warriors
  A black bear (D:10)
  2 ice beasts
  2 slaves (D:5)
  A sky beast (D:8)
  5 wolves (Lair:3)
  5 centaurs
  5 ogres
  5 phantoms
  6 crocodiles
  2 big kobolds (Sewer)
  7 bullfrogs
  4 gnoll sergeants
  Dowan (D:4)
  A water moccasin zombie (D:6)
  2 scorpions
  4 killer bees (D:9)
  5 electric eels
  7 howler monkeys
  6 crimson imps
  A human zombie (Ossuary)
  A quasit (D:10)
  2 centaur zombies
  4 hounds
  5 jellies
  2 bullfrog skeletons
  5 orc priests
  5 orc wizards
  3 centaur skeletons
  A gnoll shaman (D:6)
  5 iguanas
  Terence (D:2)
  5 worker ants
  A big kobold zombie (Ossuary)
  5 hound zombies
  3 mummies (Ossuary)
  2 howler monkey zombies
  14 gnolls
  10 adders
  2 shadow imps
  2 oozes (Sewer)
  2 adder skeletons
  5 adder zombies
  A worm (D:2)
  6 dart slugs
  6 leopard geckos
  32 orcs
  12 bats
  13 giant cockroaches
  4 gnoll zombies (Ossuary)
  11 goblins
  8 hobgoblins
  7 jackals
  21 kobolds
  2 quokkas
  3 ball pythons
  8 frilled lizards
  7 goblin zombies (Ossuary)
  2 hobgoblin zombies (Ossuary)
  3 jackal zombies
  3 kobold zombies (Ossuary)
  An orc zombie (Ossuary)
  A quokka skeleton (D:5)
  9 quokka zombies
  7 rats
  2 rat zombies (Ossuary)
  2 bushes (D:2)
391 creatures vanquished.

Vanquished Creatures (others)
  A howler monkey (D:10)
  An adder (D:8)
  An orc (D:10)
  A fungus (Lair:3)
  5 plants (D:6)
9 creatures vanquished.

Grand Total: 400 creatures vanquished

Notes
Turn   | Place    | Note
-------+----------+-------------------------------------------
     0 | D:1      | Ozzies the Deep Dwarf Fighter began the quest for the Orb.
     0 | D:1      | Reached XP level 1. HP: 20/20 MP: 1/1
    53 | D:1      | Reached XP level 2. HP: 24/27 MP: 2/2
    62 | D:1      | Reached skill level 3 in Fighting
   199 | D:1      | Reached XP level 3. HP: 29/34 MP: 3/3
   338 | D:1      | Reached skill level 4 in Fighting
   631 | D:2      | Reached XP level 4. HP: 34/44 MP: 4/4
   922 | D:2      | Noticed Terence
  1222 | D:2      | Killed Terence
  1561 | D:3      | Found a glowing drain.
  1570 | D:3      | Reached skill level 5 in Fighting
  1570 | D:3      | Reached XP level 5. HP: 35/52 MP: 4/4
  1580 | Sewer    | Entered a sewer
  1754 | Sewer    | Reached skill level 6 in Fighting
  1754 | Sewer    | Reached XP level 6. HP: 38/62 MP: 5/5
  2642 | D:4      | Reached skill level 7 in Fighting
  2760 | D:4      | Reached XP level 7. HP: 68/72 MP: 6/6
  2781 | D:4      | Noticed Duvessa
  2782 | D:4      | Noticed Dowan
  2799 | D:4      | Killed Duvessa
  2817 | D:4      | Killed Dowan
  2896 | D:4      | Found a runed translucent gate.
  2897 | D:4      | Found a runed translucent gate.
  2898 | D:4      | Found a runed translucent gate.
  2899 | D:4      | Noticed Zanta616's ghost (novice HOFi)
  2900 | D:4      | Noticed Lanoc's ghost (amateur TrSk)
  3510 | D:5      | Entered Level 5 of the Dungeon
  3513 | D:5      | Found an opulent altar of Gozag.
  3557 | D:5      | Reached XP level 8. HP: 50/80 MP: 7/7
  3885 | D:5      | Reached skill level 5 in Armour
  3885 | D:5      | Reached skill level 5 in Shields
  4523 | D:6      | Noticed Pikel
  4605 | D:5      | Killed Pikel
  4605 | D:5      | Reached skill level 9 in Fighting
  4661 | D:6      | Found a stormy altar of Qazlal.
  4769 | D:6      | Reached skill level 10 in Fighting
  4769 | D:6      | Gained mutation: You passively map the area around you.
                  | [Deep Dwarf growth]
  4769 | D:6      | Reached XP level 9. HP: 63/93 MP: 6/6
  4836 | D:6      | Reached skill level 11 in Fighting
  5071 | D:6      | Found a transporter.
  5071 | D:6      | Found a transporter.
  5076 | D:6      | Identified the +5 spear "Kit Laax" {venom, rElec Dex+4
                  | Stlth+}
  5076 | D:6      | Identified the +0 kite shield of Goczappi {rN+}
  5449 | D:7      | Reached skill level 5 in Axes
  5597 | D:7      | Found a sand-covered staircase.
  5611 | Ossuary  | Entered an ossuary
  5948 | D:7      | Noticed Harold
  5970 | D:7      | Killed Harold
  5970 | D:7      | Reached skill level 1 in Dodging
  5970 | D:7      | Reached XP level 10. HP: 19/105 MP: 6/8
  6167 | D:7      | Found a staircase to the Ecumenical Temple.
  6176 | Temple   | Entered the Ecumenical Temple
  6850 | D:6      | Paralysed by a gnoll sergeant for 2 turns
  6907 | D:6      | Noticed Hasart's ghost (amateur KoAs)
  6947 | D:6      | Killed Hasart's ghost
  7372 | D:4      | Killed Zanta616's ghost
  7377 | D:4      | Killed Lanoc's ghost
  7599 | D:8      | Found an iron altar of Okawaru.
  7600 | D:8      | Found a burning altar of Makhleb.
  7602 | D:8      | Found a blossoming altar of Fedhas.
  7604 | D:8      | Found a glowing golden altar of the Shining One.
  7624 | D:8      | Found a shattered altar of Ashenzari.
  7627 | D:8      | Became a worshipper of Makhleb the Destroyer
  7870 | D:8      | Found a glowing silver altar of Zin.
  7984 | D:9      | Noticed a green ugly thing
  7995 | D:9      | Noticed a two-headed ogre
  8005 | D:9      | Noticed a two-headed ogre
  8062 | D:9      | Killed a green ugly thing
  8083 | D:9      | Reached skill level 5 in Dodging
  8119 | D:9      | Killed a two-headed ogre
  8119 | D:9      | Reached XP level 11. HP: 60/114 MP: 3/3
  8123 | D:9      | Reached * piety under Makhleb
  8130 | D:9      | Found a staircase to the Lair.
  8136 | D:9      | Killed a two-headed ogre
  8136 | D:9      | Reached skill level 12 in Fighting
  8409 | D:9      | Got a pair of crude gloves
  8419 | D:9      | Identified the +3 pair of gloves of Teodgh {rN+} (You found
                  | it on level 9 of the Dungeon)
  8991 | D:10     | Entered Level 10 of the Dungeon
  9219 | D:10     | Reached ** piety under Makhleb
  9242 | D:10     | Noticed a deep elf mage
  9249 | D:10     | Killed a deep elf mage
  9313 | D:10     | Found a staircase to the Orcish Mines.
  9331 | D:10     | Noticed a centaur warrior
  9342 | D:10     | Killed a centaur warrior
  9379 | D:10     | Reached skill level 10 in Dodging
  9826 | D:10     | Noticed a green ugly thing
  9838 | D:10     | Killed a green ugly thing
 10039 | Lair:1   | Entered Level 1 of the Lair of Beasts
 10828 | Lair:2   | Noticed Sonja
 10838 | Lair:2   | Killed Sonja
 10878 | Lair:2   | You fall into a shaft and drop 1 floor!
 11171 | Lair:3   | Reached XP level 12. HP: 23/122 MP: 1/1
 11173 | Lair:3   | Gained mutation: You are clumsy. (Dex -2) [potion of
                  | mutation]
 11173 | Lair:3   | Gained mutation: Your muscles are strong. (Str +2) [potion
                  | of mutation]
 11173 | Lair:3   | Gained mutation: Your flesh is heat resistant. (rF+)
                  | [potion of mutation]
 11173 | Lair:3   | Gained mutation: Your movements are slightly less
                  | encumbered by armour. (ER -2) [potion of mutation]
 11174 | Lair:3   | Lost mutation: Your muscles are strong. (Str +2) [potion of
                  | mutation]
 11174 | Lair:3   | Lost mutation: Your flesh is heat resistant. (rF+) [potion
                  | of mutation]
 11174 | Lair:3   | Lost mutation: You are clumsy. (Dex -2) [potion of
                  | mutation]
 11174 | Lair:3   | Gained mutation: You are covered in fur. (AC +1) [potion of
                  | mutation]
 11174 | Lair:3   | Gained mutation: You expend magic power (3 MP) to
                  | strengthen your wands. [potion of mutation]
 11377 | Lair:3   | Noticed a four-headed hydra
 11388 | Lair:3   | Killed a four-headed hydra
 11984 | Lair:4   | HP: 3/122 [komodo dragon (12)]
 12002 | Lair:4   | Got a polished ring mail
 12003 | Lair:4   | HP: 6/122 [electric eel/bolt of electricity (6)]
 12118 | Lair:4   | Reached *** piety under Makhleb
 12129 | Lair:4   | Identified the +5 ring mail of the Dungeon {+Inv rC- Regen+
                  | Int+4} (You found it on level 4 of the Lair of Beasts)
 13013 | Lair:5   | Reached skill level 13 in Fighting
 13069 | Lair:5   | Lost mutation: Your movements are slightly less encumbered
                  | by armour. (ER -2) [potion of mutation]
 13069 | Lair:5   | Gained mutation: You are frail. (-10% HP) [potion of
                  | mutation]
 13069 | Lair:5   | Gained mutation: Your muscles are strong. (Str +2) [potion
                  | of mutation]
 13238 | Lair:5   | Slain by a komodo dragon

Illustrated notes

Levels and vault maps discovered:
D:1:      shiori_arrival_maze, layout_basic
D:2:      layout_loops_ring, first_ration, minmay_hedge_maze, uniq_terence
D:3:      layout_loops_ring, portal_sewer_entry_a
D:4:      layout_basic, gammafunk_ghost_cemetery, uniq_duvessa
D:5:      layout_basic, grunt_gozag_statues, grunt_ministairs_10
D:6:      layout_basic, grunt_qazlal_clouds, gammafunk_ghost_gnarly_gnolls,
          uniq_pikel
D:7:      layout_basic, minmay_temple_entry_tees, enter_ossuary_1, uniq_harold
D:8:      layout_rooms, grunt_temple_overflow_open, overflow_temple_1_default
D:9:      layout_layer_cave, lair_entry_dummy, grunt_pizzeria, minmay_radiant
D:10:     minmay_tri_box, layout_irregular_city, david_orc_3
Temple:   minmay_temple_curvy_branch
Lair:1:   layout_gridlike, chequers_serial_rivers_micro_d,
          eino_small_chamber_without_monster
Lair:2:   layout_misc_corridors, elwin_shoals_entry_rooms,
          nicolae_spider_entry_orb_guardian, infiniplex_staircase_pool,
          serial_bayou_shore_b, grunt_megastairs_2, minmay_lair_oklob_chamber,
          uniq_sonja
Lair:3:   layout_cave_pods
Lair:4:   layout_gridlike, lookout_lair_type, nicolae_quartered_pool_medium
Lair:5:   layout_layer_cave, kennysheep_basilisk_garden

Skill      XL: |  1  2  3  4  5  6  7  8  9 10 11 12 |
---------------+-------------------------------------+-----
Fighting       | 3 4 5 6 7 10 11 12 13 | 13.4
Axes           | 3 6 8 9 |  9.0
Armour         | 4 5 7 |  7.0
Shields        | 4 5 6 |  6.4
Dodging        | 1 5 11 12 | 12.4
Evocations     | 2 3 |  3.0

Action                   |  1- 3 |  4- 6 |  7- 9 | 10-12 || total
-------------------------+-------+-------+-------+-------++-------
Melee: War axe           |    85 |   117 |       |       ||   202
       Dagger            |       |   105 |       |       ||   105
       Short sword       |       |   116 |   516 |    76 ||   708
       Mace              |       |       |   159 |    38 ||   197
       Whip              |       |       |       |   902 ||   902
Throw: Boomerang         |    13 |     8 |       |       ||    21
 Abil: Heal Wounds       |       |     2 |     6 |    49 ||    57
Evoke: Wand              |       |       |       |     3 ||     3
  Use: Scroll            |       |     8 |       |    19 ||    27
       Potion            |       |       |     9 |    17 ||    26
  Eat: Ration            |       |     1 |     2 |     2 ||     5
       Chunk             |       |     4 |     4 |    21 ||    29
Armor: Scale mail        |    48 |   114 |   202 |   379 ||   743
       Pearl dragon scal |       |       |    79 |   111 ||   190
       Ring mail         |       |       |       |     1 ||     1
Dodge: Dodged            |    44 |    81 |   183 |   623 ||   931
Block: Kite shield       |    69 |   179 |   405 |   675 ||  1328

Table legend:
 A = Non-vault XP
 B = Vault XP
 C = Vault XP percentage of total XP
 D = Non-vault monster count
 E = Vault monster count
 F = Vault count percentage of total count
                 A         B        C        D         E       F
            +---------+---------+-------+---------+---------+-------
      Total |   21054 |    9744 |  31.6 |     273 |     114 |  29.5
            +---------+---------+-------+---------+---------+-------
        D:1 |      89 |       3 |   3.3 |      36 |       2 |   5.3
        D:2 |      51 |      36 |  41.4 |      21 |       1 |   4.5
        D:3 |     176 |      17 |   8.8 |      18 |       3 |  14.3
        D:4 |     403 |    1191 |  74.7 |      18 |       4 |  18.2
        D:5 |     597 |     591 |  49.7 |      29 |       3 |   9.4
        D:6 |    1839 |     619 |  25.2 |      21 |      11 |  34.4
        D:7 |     597 |    1013 |  62.9 |      15 |       1 |   6.2
        D:8 |    1138 |       0 |   0.0 |      13 |       0 |   0.0
        D:9 |    3890 |     444 |  10.2 |      27 |       4 |  12.9
       D:10 |    2342 |    3610 |  60.7 |      31 |      15 |  32.6
     Lair:1 |     413 |       0 |   0.0 |       4 |       0 |   0.0
     Lair:2 |     368 |     795 |  68.4 |       3 |       1 |  25.0
     Lair:3 |    2814 |       0 |   0.0 |      13 |       0 |   0.0
     Lair:4 |    4292 |       0 |   0.0 |      17 |       0 |   0.0
     Lair:5 |    2045 |     949 |  31.7 |       7 |       5 |  41.7
      Sewer |       0 |     236 | 100.0 |       0 |      24 | 100.0
    Ossuary |       0 |     240 | 100.0 |       0 |      40 | 100.0
            +---------+---------+-------+---------+---------+-------
